Map: Emerald City LE

Players

Delikios

  • Race: Zerg Zerg

Boukas

  • Race: Terran Terran

qqq - Winner!

  • Race: Zerg Zerg

Massa - Winner!

  • Race: Terran Terran
  • League: Platinum

VOD

Have the link to the VOD?

Description

Time

  • Played on: April 10, 2021, 3:48 p.m.
  • Length: 13:48
Show
View Real Time Build Order
Export as new Build Order

Delikios Zerg 

Build Orders: Hatch First 

Get SALT Encoding   

  12  0:01  Drone  
  13  0:13  Overlord  
  13  0:16  Drone  
  14  0:31  Drone x2  
  14  0:35  Drone  
  17  0:56  Hatchery  
  16  1:01  Drone  
  17  1:12  Drone x2  
  19  1:24  Spawning Pool  
  18  1:33  Drone x2  
  18  1:38  Extractor  
  19  1:46  Drone  
  20  1:50  Overlord  
  20  2:06  Drone  
  20  2:11  Drone  
  20  2:12  Queen  
  20  2:15  Queen  
  25  2:20  Drone x2  
  27  2:23  Drone  
  28  2:30  Drone  
  28  2:33  Drone  
  30  2:41  Drone  
  31  2:45  Drone  
  32  2:54  Overlord x2  
  32  2:59  Lair  
  32  3:04  Roach Warren  
  31  3:07  Drone x2, Evolution Chamber  
  32  3:13  Drone  
  32  3:16  Drone  
  35  3:34  Drone x6  
  40  3:42  Drone x2  
  42  3:49  Overlord x2  
  42  3:50  Hatchery  
  42  3:53  Zerg Missile Weapons Level 1  
  41  3:59  Extractor x2  
  41  4:01  Overlord  
  39  4:03  Drone  
  40  4:11  Glial Reconstitution  
  40  4:13  Drone x2  
  42  4:18  Drone x3  
  42  4:23  Drone  
  42  4:24  Drone  
  47  4:29  Spine Crawler  
  46  4:37  Roach  
  46  4:38  Roach x3  
  54  4:39  Overlord  
  54  4:47  Roach x3  
  60  4:59  Roach x4  
  68  5:01  Drone  
  68  5:04  Queen  
  68  5:05  Drone x2  
  73  5:11  Drone x2  
  73  5:12  Metabolic Boost  
  75  5:19  Drone x6  
  75  5:20  Drone  
  82  5:23  Overlord  
  82  5:37  Roach  
  76  5:43  Roach  
  76  5:44  Roach x3  
  70  5:51  Roach  
  70  5:52  Overlord x2  
  70  5:54  Zergling x6  
  75  6:03  Roach x3  
  79  6:10  Roach x4  
  85  6:17  Roach x2  
  85  6:18  Roach  
  86  6:23  Roach  
  83  6:34  Zerg Missile Weapons Level 2  
  83  6:38  Drone x6  
  89  6:40  Queen  
  91  6:47  Roach  
  91  6:48  Roach  
  91  6:50  Roach  
  97  6:56  Extractor  
  97  6:58  Extractor  
  95  7:03  Extractor  
  95  7:04  Drone x3  
  95  7:08  Drone x3  
  100  7:09  Drone  
  100  7:10  Drone  
  102  7:20  Roach  
  104  7:30  Overlord x6  
  104  7:31  Overlord  
  104  7:36  Drone  
  104  7:51  Roach x6  
  102  8:14  Roach  
  102  8:15  Roach x7  
  118  8:30  Evolution Chamber  
  118  8:32  Hatchery, Hydralisk Den  
  117  8:34  Roach x6  
  127  8:43  Roach x3  
  133  8:58  Infestation Pit  
  133  9:00  Spire, Roach x7  
  133  9:01  Roach  
  147  9:06  Drone x3  
  150  9:20  Hydralisk x6  
  141  9:45  Roach x5  
  145  9:46  Roach x4  
  132  10:01  Hydralisk x7  
  143  10:12  Drone x3  
  146  10:18  Queen  
  148  10:22  Drone  
  148  10:23  Drone x2  
  151  10:30  Hydralisk  
  153  10:47  Roach x4  
  153  10:48  Overlord  
  131  11:08  Roach x8  
  101  11:17  Roach x2  
  91  11:21  Roach  
  93  11:26  Drone  
  93  11:27  Drone  
  93  11:31  Hydralisk  
  97  11:39  Hydralisk x2  
  101  11:42  Grooved Spines  
  101  11:45  Hive  
  101  11:53  Drone x3  
  101  11:54  Drone, Lurker Den  
  105  11:59  Spine Crawler  
  105  12:00  Drone  
  105  12:01  Drone x2, Spine Crawler  
  106  12:04  Spine Crawler  
  106  12:05  Hydralisk x3  
  110  12:21  Roach x6  
  122  12:35  Hydralisk x7  
  136  12:43  Spine Crawler  
  135  12:44  Spine Crawler  
  135  12:46  Spine Crawler  
  113  13:01  Hydralisk x2  
  113  13:02  Hydralisk x4  
  76  13:27  Zergling x12  
Show
View Real Time Build Order
Export as new Build Order

Boukas Terran 

Build Orders:  

Get SALT Encoding   

  12  0:00  SCV  
  13  0:12  SCV  
  14  0:18  Supply Depot  
  14  0:24  SCV  
  15  0:31  Refinery  
  15  0:40  SCV  
  16  0:46  Barracks  
  16  1:11  SCV  
  17  1:30  SCV  
  19  1:49  Orbital Command  
  19  1:50  Barracks Reactor  
  18  1:59  Command Center  
  18  2:04  Supply Depot  
  18  2:08  Factory  
  18  2:14  SCV  
  19  2:26  SCV, Marine  
  19  2:27  Marine  
  22  2:33  Refinery  
  22  2:38  SCV  
  23  2:44  Marine x2  
  23  2:50  SCV  
  26  2:53  Factory Tech Lab  
  26  3:02  Marine x2  
  26  3:03  Starport, SCV  
  29  3:14  Orbital Command  
  29  3:15  SCV  
  30  3:22  Marine x2  
  32  3:27  SCV  
  32  3:30  Siege Tank  
  36  3:39  Marine x2  
  36  3:41  SCV  
  39  3:42  SCV  
  39  3:44  Starport Reactor  
  40  3:53  SCV, Supply Depot  
  41  4:00  Marine x2  
  41  4:01  SCV  
  44  4:06  Supply Depot  
  44  4:10  SCV, Engineering Bay  
  45  4:18  Marine x2  
  45  4:20  SCV  
  45  4:22  Liberator  
  51  4:25  Liberator  
  54  4:32  Supply Depot  
  54  4:34  SCV, Supply Depot  
  54  4:36  SCV  
  56  4:45  Missile Turret  
  56  4:46  SCV  
  56  4:47  Missile Turret  
  57  4:53  Cyclone  
  57  4:54  SCV  
  61  5:00  Supply Depot  
  61  5:06  Supply Depot  
  61  5:07  Supply Depot  
  61  5:38  Marine x2  
  62  5:55  Marine  
  62  5:56  Marine  
  48  6:13  Marine x2  
  48  6:17  Barracks x2  
  48  6:18  Barracks  
  50  6:23  Barracks  
  49  6:31  Marine x2  
  51  6:36  SCV  
  51  6:37  SCV  
  51  6:39  Refinery  
  53  6:42  Refinery  
  53  6:44  Siege Tank  
  53  6:49  SCV, Marine x2  
  56  7:05  Command Center  
  56  7:06  Barracks Tech Lab  
  56  7:07  Barracks Tech Lab, Marine x2  
  56  7:08  Barracks Reactor  
  58  7:09  Engineering Bay  
  58  7:10  Barracks Reactor  
  58  7:16  Siege Tank  
  58  7:21  Armory  
  61  7:25  Armory, Marine x2  
  63  7:31  Marine x2  
  63  7:33  Combat Shield, Stimpack  
  65  7:40  Terran Infantry Weapons Level 1  
  65  7:42  Marine  
  65  7:43  Marine  
  67  7:47  Marine x3  
  67  7:48  Marine  
  67  7:49  Marine x2  
  70  8:00  SCV x2, Marine x2  
  70  8:05  Marine x4  
  75  8:07  Marine x2  
  75  8:11  Siege Tank  
  75  8:12  SCV x2  
  85  8:18  Marine x2  
  87  8:22  Medivac  
  87  8:23  Marine x3  
  87  8:24  SCV x2  
  94  8:30  Planetary Fortress  
  94  8:33  Marine x3  
  97  8:36  SCV, Marine x2  
  97  8:37  SCV  
  97  8:39  Medivac  
  97  8:41  Marine x3  
  104  8:43  Siege Tank  
  109  8:48  SCV, Supply Depot  
  109  8:49  SCV, Supply Depot  
  109  8:51  Marine x3, Supply Depot  
  114  8:56  Terran Vehicle Weapons Level 1, Supply Depot  
  114  8:58  Terran Vehicle And Ship Armor Level 1  
  114  8:59  Marine x3  
  117  9:06  Supply Depot  
  117  9:10  SCV x2, Marine  
  117  9:13  Marine  
  119  9:20  Marine x4  
  119  9:22  SCV x2  
  122  9:26  Marine  
  116  9:31  Marine  
  116  9:34  SCV x2  
  116  9:35  Terran Infantry Armor Level 1  
  116  9:37  Marine  
  116  9:38  Marine x3  
  120  9:44  Marine  
  122  9:46  SCV  
  122  9:49  Marine  
  122  9:50  Refinery x2  
  124  9:55  Marine  
  124  9:56  Marine x3  
  128  10:02  Marine  
  129  10:07  Marine  
  129  10:13  Marine  
  131  10:14  Missile Turret  
  131  10:15  Missile Turret x2  
  131  10:16  Marine  
  131  10:17  Marine x2  
  131  10:18  Missile Turret  
  131  10:20  Marine  
  135  10:28  Marine  
  136  10:30  Medivac x2  
  136  10:31  Marine  
  136  10:34  Marine x2  
  136  10:35  Marine  
  143  10:38  Marine  
  141  10:46  Marine  
  141  10:49  Marine  
  142  10:52  Marine x3  
  142  10:55  Marine  
  140  11:00  Medivac x2  
  140  11:03  Marine  
  140  11:06  Marine  
  140  11:10  Marine x3  
  132  11:13  Marine  
  112  11:21  Marine  
  112  11:24  Marine  
  94  11:28  Marine x3  
  94  11:30  Medivac  
  94  11:31  Marine  
  86  11:39  Marine  
  87  11:42  Marine  
  87  11:46  Marine x3  
  91  11:49  Marine  
  92  12:00  Marine  
  94  12:03  Marine x2  
  94  12:04  Marine  
  97  12:08  Barracks Reactor  
  97  12:11  Barracks Reactor  
  96  12:18  Marine  
  96  12:21  Marine  
  96  12:35  Marine  
  100  12:39  Marine  
  92  12:53  Marine  
  92  12:57  Marine  
  69  13:02  Command Center  
  62  13:06  Command Center  
  62  13:11  Marine  
  56  13:18  Marine  
Show
View Real Time Build Order
Export as new Build Order

qqq Zerg - Winner!

Build Orders: Hatch First 

Get SALT Encoding   

  12  0:00  Drone  
  13  0:08  Drone  
  14  0:18  Overlord  
  14  0:50  Hatchery  
  13  0:59  Drone x2  
  13  1:00  Drone  
  16  1:13  Drone  
  17  1:21  Spawning Pool  
  17  1:22  Extractor  
  15  1:28  Drone  
  16  1:33  Drone  
  17  1:43  Drone  
  18  1:53  Drone  
  19  2:04  Drone  
  19  2:05  Drone  
  21  2:09  Queen x2  
  21  2:13  Drone  
  27  2:15  Drone  
  27  2:29  Metabolic Boost  
  27  2:34  Roach Warren  
  27  2:37  Drone x2  
  27  2:43  Overlord  
  28  2:49  Baneling Nest  
  27  2:51  Drone  
  27  2:56  Overlord  
  28  3:03  Drone x2  
  28  3:05  Drone  
  31  3:07  Drone  
  31  3:10  Drone  
  33  3:23  Zergling x4  
  33  3:24  Roach  
  33  3:25  Zergling x2, Roach  
  40  3:28  Roach  
  42  3:35  Drone x2  
  42  3:37  Overlord  
  44  3:49  Overlord x3  
  44  3:57  Roach x3  
  44  3:59  Drone  
  44  4:00  Drone  
  52  4:06  Extractor  
  52  4:07  Baneling  
  52  4:08  Baneling x2  
  52  4:09  Drone x2  
  53  4:10  Drone  
  54  4:17  Drone x2  
  54  4:21  Roach  
  54  4:23  Zergling x2  
  59  4:32  Drone  
  59  4:33  Roach  
  59  4:38  Baneling  
  62  4:42  Zergling x2  
  62  4:43  Zergling x2  
  64  4:48  Overlord  
  64  4:49  Drone  
  64  4:50  Hatchery, Drone, Zergling x4  
  67  4:58  Lair  
  67  5:06  Overlord  
  67  5:08  Zergling x4  
  67  5:10  Roach x2  
  73  5:18  Evolution Chamber  
  73  5:20  Roach x2  
  73  5:21  Roach x2  
  80  5:30  Spore Crawler  
  77  5:40  Roach x2  
  77  5:41  Roach x2  
  77  5:53  Roach x3  
  66  6:10  Roach x2  
  64  6:11  Drone x2  
  64  6:12  Zergling x4  
  62  6:21  Spore Crawler  
  62  6:23  Roach  
  51  6:39  Extractor  
  48  6:40  Extractor, Queen  
  49  6:48  Queen  
  49  6:50  Drone x7  
  58  7:13  Drone x5  
  58  7:14  Hatchery  
  62  7:25  Drone  
  62  7:26  Drone x2  
  65  7:43  Roach x3  
  68  7:48  Roach  
  68  7:50  Drone  
  67  8:01  Roach x2  
  67  8:02  Roach  
  67  8:03  Drone  
  71  8:16  Drone  
  71  8:17  Drone x5  
  77  8:22  Glial Reconstitution  
  77  8:26  Drone x2  
  79  8:34  Queen  
  79  8:36  Drone  
  82  9:07  Roach  
  82  9:08  Drone x3, Roach x2  
  82  9:09  Drone x8  
  99  9:10  Zergling x2  
  99  9:16  Overlord  
  100  9:22  Zerg Ground Armor Level 1  
  100  9:30  Overlord x2  
  100  9:31  Overlord  
  100  9:45  Roach  
  84  10:15  Roach x4  
  84  10:16  Drone x8  
  84  10:17  Drone, Roach x4  
  84  10:18  Roach  
  111  10:32  Hydralisk Den  
  111  10:35  Extractor  
  107  10:36  Extractor  
  108  10:47  Drone x3, Roach x3  
  108  10:48  Drone x2  
  119  10:54  Hatchery  
  119  10:56  Hatchery  
  117  11:03  Roach x3  
  117  11:04  Roach x5  
  125  11:08  Roach x3  
  103  11:12  Roach  
  103  11:13  Roach  
  101  11:20  Zergling x2  
  90  11:33  Hatchery  
  90  11:35  Drone x4, Roach x3  
  99  11:51  Drone x4  
  99  11:52  Roach  
  105  11:57  Lurker Den  
  104  12:01  Drone, Roach  
  104  12:03  Drone, Roach  
  104  12:04  Roach  
  112  12:12  Drone x2  
  112  12:13  Roach x2  
  117  12:28  Drone, Hydralisk x2, Roach x4  
  117  12:29  Drone, Hydralisk  
  133  12:38  Overlord x3  
  133  12:39  Overlord x3  
  133  12:42  Drone  
  116  13:00  Roach x6  
  116  13:01  Roach  
  116  13:04  Hydralisk  
  116  13:05  Hydralisk x2  
  128  13:06  Drone x2, Zergling x4, Overlord  
  128  13:07  Zergling x2, Overlord x3  
  128  13:12  Roach x3  
  139  13:15  Lurker x2  
  139  13:16  Lurker  
  142  13:22  Evolution Chamber, Infestation Pit  
  142  13:25  Extractor  
  142  13:26  Extractor, Spore Crawler  
  137  13:28  Spine Crawler  
  137  13:30  Spine Crawler x3  
Show
View Real Time Build Order
Export as new Build Order

Massa Terran - Winner!

Build Orders:  

Get SALT Encoding   

  12  0:00  SCV  
  13  0:12  SCV  
  14  0:22  Supply Depot  
  14  0:25  SCV  
  15  0:43  SCV  
  15  0:45  Barracks  
  16  0:50  Refinery  
  16  0:55  SCV  
  17  1:07  SCV  
  18  1:27  SCV  
  19  1:42  SCV  
  20  1:54  Command Center  
  20  2:06  Reaper  
  21  2:09  Supply Depot  
  21  2:14  Orbital Command  
  21  2:28  Refinery  
  21  2:33  Factory  
  21  2:40  SCV  
  22  2:46  Marine  
  23  2:55  SCV  
  24  3:06  Barracks Reactor  
  24  3:08  Orbital Command  
  24  3:10  SCV  
  25  3:20  Starport  
  25  3:22  Factory Tech Lab  
  25  3:49  SCV x2  
  25  3:55  Siege Tank  
  30  3:56  Marine x2  
  30  3:59  Starport Reactor  
  30  4:01  SCV x2  
  34  4:03  Refinery  
  34  4:11  Engineering Bay  
  34  4:13  SCV x2, Marine x2  
  34  4:15  Command Center  
  38  4:21  Barracks  
  38  4:27  Barracks  
  38  4:32  Siege Tank  
  38  4:35  Medivac  
  38  4:36  Marine  
  38  4:37  Marine  
  45  4:51  Terran Infantry Weapons Level 1, Supply Depot  
  45  4:54  Supply Depot  
  45  5:03  Marine  
  46  5:12  Marine, Medivac  
  49  5:15  SCV x2  
  51  5:24  Siege Tank  
  51  5:27  SCV x2  
  56  5:35  Marine x2  
  58  5:40  Missile Turret  
  47  6:07  Medivac x2  
  47  6:08  SCV x2  
  47  6:09  SCV  
  50  6:20  SCV  
  50  6:21  SCV x2  
  50  6:24  Missile Turret  
  52  6:32  SCV  
  53  6:33  SCV  
  53  6:37  Barracks Tech Lab  
  53  6:38  Barracks Tech Lab  
  54  6:47  Terran Infantry Armor Level 1, Barracks  
  54  6:50  Missile Turret  
  54  6:51  Armory  
  54  6:53  SCV x2  
  57  6:54  Barracks, Engineering Bay  
  57  6:56  Refinery  
  56  7:04  Marauder x2, Marine x2  
  56  7:05  SCV x2  
  56  7:07  Stimpack  
  64  7:10  Combat Shield  
  64  7:12  Missile Turret  
  64  7:17  SCV  
  65  7:25  Marauder  
  65  7:27  Planetary Fortress  
  67  7:30  SCV, Missile Turret  
  67  7:31  SCV  
  67  7:33  Marauder  
  67  7:35  Marine  
  67  7:36  Marine  
  73  7:39  Marine  
  73  7:43  SCV x2  
  76  7:44  Barracks  
  76  7:53  Marine  
  77  8:19  Barracks Tech Lab  
  77  8:20  Barracks Reactor, Supply Depot x3  
  77  8:21  Supply Depot x2  
  77  8:22  Terran Vehicle And Ship Armor Level 1, Supply Depot x3  
  77  8:23  Terran Infantry Weapons Level 2  
  77  8:41  SCV x3, Marine x2  
  77  8:42  Marauder x2  
  86  8:53  SCV x3  
  89  9:05  SCV x3  
  92  9:30  Marauder x3, Marine x3  
  92  9:31  Marine  
  86  9:48  Marine x2  
  86  9:51  Marauder  
  86  9:52  Marauder  
  92  10:02  SCV x3  
  92  10:07  Medivac  
  97  10:08  Medivac  
  97  10:09  Siege Tank  
  97  10:11  Marauder, Marine  
  97  10:12  Marine x3  
  97  10:13  Marauder x2  
  97  10:14  SCV  
  113  10:16  Command Center  
  113  10:17  Refinery x2  
  113  10:29  Marine  
  113  10:30  Marine x3  
  113  10:33  Marauder  
  113  10:34  Marauder, Marine  
  120  10:37  Command Center, Medivac  
  120  10:38  Medivac  
  120  10:41  Siege Tank  
  127  10:47  Marine x3  
  127  10:48  Marine  
  130  10:52  Marauder  
  130  10:54  Marauder  
  130  10:56  Marauder  
  109  11:05  SCV x3, Marine x2  
  109  11:07  Medivac  
  109  11:08  Medivac  
  104  11:13  Siege Tank  
  104  11:14  Marauder  
  104  11:15  Marauder  
  104  11:17  SCV x3, Marauder  
  111  11:26  Marine x4  
  111  11:29  SCV  
  116  11:35  Marauder  
  116  11:37  Marauder  
  116  11:38  Marauder  
  122  11:44  Marine x4  
  122  11:45  Siege Tank  
  129  11:51  Medivac x2  
  133  11:56  Marauder  
  133  11:58  Marauder  
  133  11:59  SCV x3  
  133  12:00  Marauder  
  142  12:01  Marine  
  143  12:11  SCV x3  
  146  12:18  Marauder, Siege Tank  
  146  12:21  Medivac x2  
  150  12:43  Supply Depot  
  150  12:45  Supply Depot  
  150  12:46  Supply Depot x2  
  150  12:47  Supply Depot  
  149  12:53  Supply Depot  
  149  13:07  SCV x3, Medivac, Siege Tank  
  157  13:14  Marauder  
  157  13:15  Marauder x2, Marine x3  
Tags
 
Add a new tag
Caveats
  • Supply blocks, unpowered buildings, or Contaminate may cause inaccurate times.
  • Supply counts are checked every 10 seconds.